Map: 凯罗斯中转站-天梯版

Players

RAIL - Winner!

  • Race: Protoss Protoss

Time (Oliveira)

  • Race: Terran Terran

Event: WESG 2018 Grand Finals

VOD

https://youtu.be/KuO6wY39hT4?t=141

Description

Time

  • Played on: March 12, 2019, 5:31 a.m.
  • Length: 7:03

All games in this series

Show
View Real Time Build Order
Export as new Build Order

RAIL Protoss - Winner!

Build Orders: 1 Gate Expand 

Get SALT Encoding   

  12  0:00  Probe  
  13  0:13  Pylon  
  13  0:18  Probe  
  14  0:31  Probe, Gateway  
  15  0:39  Probe  
  15  0:46  Assimilator  
  15  0:49  Probe  
  17  1:01  Probe  
  18  1:13  Probe  
  19  1:18  Cybernetics Core  
  19  1:25  Probe  
  20  1:35  Nexus  
  20  1:40  Assimilator  
  20  1:44  Adept  
  20  1:47  Pylon  
  20  1:56  Probe  
  20  1:59  Warp Gate  
  23  2:05  Stalker  
  23  2:06  Shield Battery  
  25  2:17  Probe  
  26  2:29  Probe  
  27  2:30  Stalker  
  29  2:42  Probe  
  31  2:54  Probe  
  31  2:56  Gateway  
  31  2:57  Stalker, Gateway  
  33  3:08  Probe  
  33  3:10  Probe  
  35  3:20  Probe  
  35  3:23  Probe  
  37  3:31  Pylon  
  37  3:32  Twilight Council  
  37  3:33  Probe  
  37  3:34  Probe  
  39  3:47  Stalker  
  41  3:52  Stalker  
  41  3:54  Charge  
  41  3:55  Stalker  
  45  3:57  Probe  
  45  3:58  Probe  
  47  4:09  Probe  
  48  4:15  Probe, Robotics Facility  
  49  4:24  Probe  
  48  4:31  Probe  
  48  4:35  Stalker  
  48  4:36  Probe  
  48  4:38  Pylon  
  52  4:42  Pylon  
  52  4:44  Probe  
  53  4:51  Pylon  
  53  4:53  Warp Prism  
  54  5:00  Gateway  
  54  5:01  Gateway  
  54  5:03  Gateway  
  54  5:05  Sentry  
  57  5:15  Zealot  
  57  5:17  Pylon  
  57  5:19  Pylon, Zealot  
  61  5:29  Observer  
  61  5:32  Nexus  
  62  5:35  Zealot  
  62  5:39  Zealot  
  66  5:43  Zealot  
  68  5:55  Zealot x2  
  68  5:56  Zealot  
  74  6:01  Zealot  
  76  6:07  Zealot x2  
  61  6:18  Stalker  
  59  6:27  Sentry  
  59  6:28  Zealot x2  
  59  6:29  Zealot  
  59  6:31  Zealot  
  59  6:32  Probe  
  68  6:34  Probe  
  69  6:42  Zealot  
  69  6:45  Probe  
  69  6:46  Probe  
  73  6:48  Zealot x2  
  73  6:58  Zealot x2  
Show
View Real Time Build Order
Export as new Build Order

Time Terran 

Build Orders: Gas First Reaper Expand 

Get SALT Encoding   

  12  0:00  SCV  
  13  0:12  SCV  
  14  0:17  Supply Depot  
  14  0:25  SCV  
  15  0:29  Refinery  
  15  0:39  SCV  
  16  0:45  Barracks  
  16  0:51  SCV  
  17  1:03  SCV  
  18  1:15  SCV  
  19  1:32  Reaper, Orbital Command  
  20  1:44  Command Center  
  20  1:54  Factory  
  20  1:57  SCV  
  21  2:06  Barracks Reactor, Refinery  
  21  2:10  SCV  
  22  2:16  Supply Depot  
  22  2:22  SCV  
  23  2:37  SCV  
  23  2:38  Hellion  
  23  2:39  Starport  
  25  2:45  Marine  
  25  2:49  SCV  
  27  2:59  Widow Mine  
  27  3:01  Marine  
  27  3:03  Marine  
  31  3:20  Medivac, Marine, SCV  
  31  3:22  Factory Tech Lab  
  31  3:23  Orbital Command  
  35  3:29  Marine  
  35  3:32  SCV  
  37  3:41  Cyclone, Marine, Orbital Command  
  39  3:44  SCV  
  42  3:55  Supply Depot  
  41  4:00  Viking  
  41  4:02  Marine  
  44  4:15  Marine  
  44  4:16  Siege Tank  
  48  4:17  Liberator  
  48  4:18  Supply Depot  
  48  4:19  Marine  
  48  4:23  SCV  
  48  4:33  Marine  
  48  4:35  SCV  
  48  4:36  SCV  
  48  4:37  Marine  
  54  4:41  Orbital Command, Supply Depot  
  54  4:44  Barracks  
  54  4:50  Marine  
  54  4:52  Siege Tank  
  57  4:55  Marine, SCV  
  59  5:07  SCV  
  59  5:08  Marine, SCV  
  59  5:09  Supply Depot  
  59  5:13  Marine  
  63  5:19  SCV  
  63  5:20  SCV  
  65  5:22  Engineering Bay  
  65  5:25  Siege Tank  
  65  5:26  Marine  
  69  5:32  Barracks Tech Lab, SCV  
  69  5:35  Barracks  
  70  5:38  SCV  
  70  5:41  Marine  
  72  5:44  SCV  
  73  5:50  Supply Depot  
  73  5:55  Marine  
  74  5:57  Marine  
  74  6:00  SCV  
  74  6:01  SCV  
  74  6:03  Marine  
  78  6:10  Bunker  
  78  6:12  Marine  
  78  6:15  Marine  
  67  6:21  Marine  
  67  6:22  SCV  
  67  6:24  SCV  
  57  6:27  Starport Reactor  
  57  6:29  Refinery  
  57  6:30  Marine  
  57  6:31  Factory Reactor  
  57  6:33  Marauder  
  57  6:34  SCV  
  57  6:36  SCV  
  57  6:38  Marauder  
  57  6:39  Marine  
  63  6:46  SCV  
  62  6:48  SCV  
Tags
 
Add a new tag
Caveats
  • Supply blocks, unpowered buildings, or Contaminate may cause inaccurate times.
  • Supply counts are checked every 10 seconds.